 Dungeon Crawl Stone Soup version 0.25.0-9-g26727b657a (webtiles) character file.

Game seed: 8192699257580723369

788 Esekla the Slasher (level 7, -1/53 HPs)
             Began as a Barachi Necromancer on June 20, 2020.
             Slain by an ice beast (12 damage)
             ... on level 4 of the Dungeon.
             The game lasted 00:36:51 (5643 turns).

Esekla the Slasher (Barachi Necromancer)            Turns: 5643, Time: 00:36:52

Health: -1/53      AC:  5    Str:  7 (9)  XL:     7   Next: 87%
Magic:  9/12       EV: 11    Int: 15 (16) God:
Gold:   212        SH:  0    Dex: 17 (20) Spells: 9/12 levels left

rFire    . . .     SeeInvis .   a - +0 falchion
rCold    . . .     Gourm    .   (no shield)
rNeg     . . .     Faith    .   q - +0 ring mail (curse)
rPois    .         Spirit   .   (no helmet)
rElec    .         Reflect  .   (no cloak)
rCorr    .         Harm     .   (no gloves)
MR       .....                  (no boots)
Stlth    +.........             (no amulet)
HPRegen  0.17/turn              n - +6 ring of dexterity
MPRegen  0.13/turn              (no ring)

@: very slightly contaminated, lightly drained, slow
A: +LOS, swims, slowness 1, strong legs 1
a: Hop


You were on level 4 of the Dungeon.
You were not hungry.

You visited 1 branch of the dungeon, and saw 6 of its levels.

You collected 212 gold pieces.

Inventory:

Hand Weapons
 a - a +0 falchion (weapon)
 d - a +0 spear
 v - a +2 dagger of venom
Missiles
 y - 2 poisoned darts (quivered)
Armour
 o - a +1 robe
 q - a cursed +0 ring mail (worn)
 t - a +0 buckler
 A - a +0 leather armour
Jewellery
 j - an uncursed ring of ice
 n - a +6 ring of dexterity (left hand)
 p - an uncursed amulet of faith
Wands
 x - a wand of random effects (22)
Scrolls
 e - 2 scrolls of immolation
 l - 3 scrolls of enchant armour
 s - 2 scrolls of identify
 u - a scroll of remove curse
Potions
 b - a potion of might {unknown}
 f - a potion of heal wounds {unknown}
 g - 2 potions of degeneration
 h - a potion of berserk rage
 i - 2 potions of haste {unknown}
 k - a potion of cancellation {unknown}
 m - 2 potions of ambrosia {unknown}
 r - 2 potions of lignification {unknown}
 w - a potion of flight {unknown}
Comestibles
 c - 8 rations


   Skills:
 * Level 3.7(3.3) Fighting
 + Level 1.6(3.3) Short Blades
 * Level 5.8(5.5) Long Blades
 * Level 4.4(4.0) Dodging
 - Level 1.7(1.3) Stealth
 * Level 1.8(1.4) Shields
 + Level 3.4(3.0) Spellcasting
 + Level 4.2(3.8) Necromancy


You had 9 spell levels left.
You knew the following spells:

 Your Spells              Type           Power        Failure   Level  Hunger
d - Vampiric Draining     Necr           ##........   41%         3    ###....

Your spell library contained the following spells:

 Spells                   Type           Power        Failure   Level  Hunger
 Animate Skeleton         Necr           N/A          14%         1    #......
 Pain                     Necr           ##..         14%         1    #......
 Animate Dead             Necr           N/A          82%         4    #####..
 Confusing Touch          Hex            #.......     91%         3    ###....
 Gell's Gravitas          Tloc           #.........   91%         3    ###....
 Agony                    Necr           ##......     99%         5    ######.
 Petrify                  Tmut/Erth      #.......     100%        4    #####..
 Metabolic Englaciation   Hex/Ice        #.........   100%        5    ######.
 Yara's Violent Unravell  Hex/Tmut       #.........   100%        5    ######.


Dungeon Overview and Level Annotations

Branches:
Dungeon (6/15)
 Temple: D:4-7

Altars:
Cheibriados
Ru
The Shining One

Annotations:
D:2 2 transporters
D:5 Grinder


Innate Abilities, Weirdness & Mutations

You can be seen from farther away. (+LOS)
You can swim through water.
You cover ground slowly.
You can hop short distances.


Message History

There is a stone staircase leading up here.
The ice beast hits you. The ice beast freezes you!
All of the chunks of flesh in your inventory have rotted away.
You climb upwards.
There is a stone staircase leading down here.
You see here a +0 club.
Casting: Vampiric Draining (quite dangerous; 34% risk of failure)
Confirm with . or Enter, or press ? or * to list all spells.
The spell is quite dangerous to cast (34% risk of failure)!
Continue anyway?
Aiming: Vampiric Draining (quite dangerous; 34% risk of failure)
Press: ? - help, Shift-Dir - straight line, f - ice beast
Aim: an ice beast (lightly wounded)
You miscast Vampiric Draining.
You are very lightly contaminated with residual magic.
You are engulfed in negative energy!
You feel drained.
* * * LOW HITPOINT WARNING * * *
The ice beast hits you.
* * * LOW HITPOINT WARNING * * *
The ice beast freezes you!
You die...

.# #.##.# .# ### #.##.# .#
#.# #.##.#
.###########.######.##.###
.........................#
..........##.#.####.##.#.#
..........##.........#.#.#
..........####.#######.#.#
................@Y.....#.#
...........##..#)#######.#
............####.# #.#
#####..........)[# #<#
#....##..###.# ###
############.###.#
...(....# #..##.#
........# ##.##.#
........# #.##.#


You could see an ice beast.

Vanquished Creatures
  A sky beast (D:4)
  A phantom (D:4)
  A crimson imp (D:6)
  A hound (D:4)
  2 orc priests (D:4)
  4 orc wizards
  2 bullfrog skeletons
  2 iguanas
  4 worker ants
  A hound skeleton (D:4)
  7 adders
  An ooze (D:5)
  2 worms
  4 dart slugs
  2 leopard geckos
  8 orcs
  A ball python (D:4)
  3 giant cockroaches
  5 goblins
  8 hobgoblins
  10 jackals
  A quokka (D:4)
  4 bats
  2 frilled lizards
  A jackal skeleton (D:4)
  7 kobolds
  A leopard gecko skeleton (D:4)
  A quokka skeleton (D:4)
  8 rats
95 creatures vanquished.

Notes
Turn   | Place    | Note
-------+----------+-------------------------------------------
     0 | D:1      | Esekla the Barachi Necromancer began the quest for the Orb.
     0 | D:1      | Reached XP level 1. HP: 13/13 MP: 3/3
   372 | D:1      | Reached XP level 2. HP: 20/20 MP: 5/5
   418 | D:1      | Reached skill level 1 in Fighting
  1331 | D:2      | Reached skill level 1 in Short Blades
  1331 | D:2      | Reached XP level 3. HP: 21/26 MP: 3/6
  1372 | D:1      | Learned a level 3 spell: Vampiric Draining
  1761 | D:2      | Found a transporter.
  1779 | D:2      | Reached XP level 4. HP: 16/33 MP: 3/7
  2144 | D:2      | Identified the +10 morningstar of Reru {freeze, rF+ Dex+4}
  2146 | D:2      | Noticed a two-headed ogre
  2184 | D:2      | Found a transporter.
  2194 | D:2      | Found a snail-covered altar of Cheibriados.
  2639 | D:2      | Reached skill level 1 in Long Blades
  2880 | D:3      | Reached XP level 5. HP: 39/39 MP: 9/9
  3228 | D:3      | Reached skill level 2 in Long Blades
  3465 | D:3      | Reached skill level 3 in Long Blades
  3815 | D:4      | Reached XP level 6. HP: 46/46 MP: 10/10
  3862 | D:4      | HP: 1/47 [orc priest/divine providence (9)]
  3876 | D:5      | Entered Level 5 of the Dungeon
  4226 | D:5      | Noticed Grinder
  4229 | D:5      | Noticed an ice beast
  4239 | D:6      | Reached skill level 4 in Long Blades
  4297 | D:6      | Reached skill level 1 in Shields
  4447 | D:4      | Reached XP level 7. HP: 35/52 MP: 7/11
  4661 | D:4      | Reached skill level 5 in Long Blades
  4834 | D:4      | Found a sacrificial altar of Ru.
  5017 | D:4      | Found a glowing golden altar of the Shining One.
  5643 | D:4      | Slain by an ice beast

Illustrated notes

Levels and vault maps discovered:
D:1:      onia_arrival_mini_maze_b, layout_basic, serial_glass, glass_columns_a,
          glass_columns_a, glass_columns_b, glass_columns_a, glass_columns_a,
          glass_columns_c, glass_columns_b, glass_columns_b, glass_columns_a,
          glass_columns_b, glass_columns_b, glass_columns_a, glass_columns_a,
          glass_columns_c, feat_on_display, feat_on_display,
          minmay_strange_pillars
D:2:      minmay_angry_zag, layout_rooms, gammafunk_temple_overflow_arena
D:3:      cheibrodos_helix_gallery, layout_loops_cross, lightli_temple_of_fire,
          first_ration
D:4:      layout_basic, kennysheep_little_box, kennysheep_mini
D:5:      layout_cave_pools, serial_shops, nicolae_shop_statue_plus,
          nicolae_dithmenos_shadow_blocks, uniq_grinder
D:6:      layout_rooms, elyvilon_altar_3, lemuel_doored_altar,
          nicolae_overflow_hidden_temple, nicolae_overflow_crystal_walls,
          tgw_sif, basic_altar

Skill      XL: |  1  2  3  4  5  6  7 |
---------------+----------------------+-----
Fighting       | 1 2 3 |  3.7
Short Blades   | 1 |  1.6
Dodging        | 3 4 |  4.4
Long Blades    | 1 3 4 5 |  5.8
Spellcasting   | 3 |  3.4
Necromancy     | 4 |  4.2
Shields        | 1 |  1.8
Stealth        | |  1.7

Action                   |  1- 3 |  4- 6 |  7- 9 || total
-------------------------+-------+-------+-------++-------
Melee: Dagger            |    26 |    33 |     3 ||    62
       Spear             |     2 |       |       ||     2
       Short sword       |    14 |       |       ||    14
       Falchion          |    26 |   163 |    93 ||   282
Throw: Dart              |       |     4 |       ||     4
 Cast: Pain              |    24 |       |       ||    24
       Vampiric Draining |     2 |    16 |     9 ||    27
 Abil: Hop               |       |     4 |     2 ||     6
  Use: Scroll            |     4 |     1 |     1 ||     6
       Potion            |     1 |     2 |     2 ||     5
 Stab: Sleeping          |     2 |     2 |     2 ||     6
       Distracted        |       |     1 |       ||     1
  Eat: Chunk             |     3 |     9 |     5 ||    17
       Ration            |       |     1 |       ||     1
Armor: Robe              |     7 |    35 |    12 ||    54
Dodge: Dodged            |    42 |   170 |    73 ||   285
       Rpst.: Falchion   |    12 |    38 |    22 ||    72
